 Dungeon Crawl Stone Soup version 0.21.1-74-g47da925 (webtiles) character file.

173 Madoushi the Chopper (level 5, -6/47 HPs)
             Began as a Minotaur Berserker on Aug 6, 2018.
             Was a Believer of Trog.
             Killed from afar by an orc wizard (7 damage)
             ... with a magic dart
             ... on level 2 of the Dungeon.
             The game lasted 00:04:05 (1386 turns).

Madoushi the Chopper (Minotaur Berserker)           Turns: 1386, Time: 00:04:06

Health: -6/47      AC:  5    Str: 23    XL:     5   Next: 28%
Magic:  4/4        EV: 12    Int:  4    God:    Trog [**....]
Gold:   64         SH:  0    Dex:  9    Spells: 4/4 levels left

rFire    . . .     SeeInvis .   a - +0 hand axe
rCold    . . .     Gourm    .   (no shield)
rNeg     . . .     Faith    .   f - +0 ring mail
rPois    .         Spirit   .   (helmet restricted)
rElec    .         Reflect  .   (no cloak)
rCorr    .         Harm     .   (no gloves)
MR       .....                  (no boots)
Stlth    ..........             (no amulet)
HPRegen  0.15/turn              (no ring)
MPRegen  0.09/turn              (no ring)

@: berserk cooldown, slowed, very slow
A: retaliatory headbutt, horns 2
a: Berserk, Trog's Hand, Burn Spellbooks, Renounce Religion


You were on level 2 of the Dungeon.
You worshipped Trog.
Trog was pleased with you.
You were near starving.

You visited 1 branch of the dungeon, and saw 2 of its levels.

You collected 64 gold pieces.

Inventory:

Hand Weapons
 a - a +0 hand axe (weapon)
Armour
 b - a +0 animal skin
 f - a +0 ring mail (worn)
Jewellery
 o - an uncursed amulet of magic regeneration {unknown}
Scrolls
 g - a scroll of identify {unknown}
 h - 2 scrolls of amnesia {unknown}
 i - 2 scrolls of fog
 j - a scroll of blinking {unknown}
 k - a scroll of remove curse {unknown}
 l - a scroll of teleportation {unknown}
Potions
 d - a potion of lignification {unknown}
 e - a potion of haste {unknown}
 m - a potion of ambrosia {unknown}
 n - a potion of curing {unknown}
Comestibles
 c - 5 rations


   Skills:
 + Level 4.5 Fighting
 + Level 5.7 Axes
 + Level 3.4 Armour
 + Level 2.9 Dodging
 + Level 0.3 Stealth


You had 4 spell levels left.
You didn't know any spells.

Dungeon Overview and Level Annotations

Branches:
Dungeon (2/15)

Altars:
Elyvilon
Sif Muna


Innate Abilities, Weirdness & Mutations

You reflexively headbutt those who attack you in melee.
You have a pair of horns on your head.


Message History

a dagger; a robe; an orc corpse; an adder corpse You feel a strong urge to attack something.
The orc wizard closely misses you. You furiously retaliate!
You headbutt the orc wizard!
Found a hunting sling.
You are no longer berserk.
You are exhausted.
You feel as though you will be slow longer.
* * * LOW HITPOINT WARNING * * *
You feel sick.
You are no longer poisoned.
The orc wizard hits you but does no damage.
The orc wizard closely misses you.
You completely miss the orc wizard.
The orc wizard is almost dead.
The orc wizard hits you with a dagger.
* * * LOW HITPOINT WARNING * * *
The orc wizard points at you and mumbles some strange words.
The magic dart hits you!
You die...

..<#.# #.........# ####
...... #.# #.........#
.... ...... #.#
#.........# ....
......##.# #..........
.... .........#
#.........† .###
........# ###..........
.... ####PP...#
#..........†. ####
.....#...###....###.....
P....P.@.))'......+.....
.).....o.###....###.....
.....#...# #....# #.....
..P. #...# #....# ######
P.. #...# ###### #+
#...# ....# ##..?#


You could see an orc wizard.

Vanquished Creatures
  A worker ant (D:2)
  Natasha (D:2)
  An orc wizard (D:2)
  3 adders (D:2)
  3 worms (D:2)
  2 dart slugs (D:2)
  3 leopard geckos
  An orc (D:2)
  2 ball pythons
  A giant cockroach (D:1)
  7 goblins
  4 hobgoblins
  7 jackals
  3 bats (D:2)
  5 frilled lizards
  9 kobolds
  5 rats
58 creatures vanquished.

Notes
Turn   | Place    | Note
-------+----------+-------------------------------------------
     0 | D:1      | Madoushi the Minotaur Berserker began the quest for the Orb.
     0 | D:1      | Reached XP level 1. HP: 19/19 MP: 0/0
   114 | D:1      | Reached XP level 2. HP: 20/27 MP: 1/1
   385 | D:1      | Reached skill level 4 in Axes
   447 | D:1      | Found a white marble altar of Elyvilon.
   457 | D:1      | Reached ** piety under Trog
   460 | D:1      | Reached XP level 3. HP: 28/33 MP: 2/2
  1138 | D:2      | Found a deep blue altar of Sif Muna.
  1145 | D:2      | Reached XP level 4. HP: 39/40 MP: 3/3
  1229 | D:2      | Reached skill level 5 in Axes
  1368 | D:2      | Noticed Natasha
  1376 | D:2      | Reached XP level 5. HP: 31/47 MP: 4/4
  1381 | D:2      | HP: 2/70 [Natasha/magic dart (10)]
  1382 | D:2      | Killed Natasha
  1386 | D:2      | HP: 1/47 [orc wizard/dagger (1)]
  1386 | D:2      | Killed from afar by an orc wizard

Skill      XL: |  1  2  3  4 |
---------------+-------------+-----
Fighting       | 4 |  4.5
Axes           | 4 5 |  5.7
Armour         | 3 |  3.4
Dodging        | |  2.9
Stealth        | |  0.3

Action                   |  1- 3 |  4- 6 || total
-------------------------+-------+-------++-------
Melee: Hand axe          |    90 |    31 ||   121
       Headbutt          |    13 |     9 ||    22
Invok: Berserk           |       |     1 ||     1
  Use: Scroll            |     1 |       ||     1
  Eat: Chunk             |     1 |       ||     1
Armor: Animal skin       |     4 |       ||     4
       Ring mail         |    19 |    10 ||    29
Dodge: Dodged            |    52 |    20 ||    72
